 Dungeon Crawl Stone Soup version 0.21.1-1-g345015f (webtiles) character file.

16560 Mirai the Eclecticist (level 12, -5/59 HPs)
             Began as a Deep Elf Conjurer on Mar 30, 2018.
             Was an Elder of Vehumet.
             Slain by a five-headed hydra (12 damage)
             ... on level 2 of the Lair of Beasts.
             The game lasted 00:53:10 (13697 turns).

Mirai the Eclecticist (Deep Elf Conjurer)          Turns: 13697, Time: 00:53:10

Health: -5/59      AC: 10    Str: 10    XL:     12   Next: 11%
Magic:  18/34      EV: 13    Int: 29    God:    Vehumet [****..]
Gold:   319        SH:  6    Dex: 21    Spells: 25/44 levels left

rFire    . . .     SeeInvis .   o - +3 quarterstaff (chaos)
rCold    . . .     Gourm    .   (shield currently unavailable)
rNeg     . . .     Faith    .   F - +3 leather armour {MR+}
rPois    .         Spirit   .   O - +1 helmet {Int+3}
rElec    .         Reflect  +   f - +0 cloak
rCorr    .         Harm     .   N - +0 pair of gloves
MR       ++...                  (no boots)
Stlth    ++........             s - +6 amulet of reflection
HPRegen  0.19/turn              g - +3 ring of strength
MPRegen  0.24/turn              w - +4 ring of dexterity

@: no status effects
A: agile 1, strong 1
a: Renounce Religion


You were on level 2 of the Lair of Beasts.
You worshipped Vehumet.
Vehumet was greatly pleased with you.
You were hungry.

You visited 3 branches of the dungeon, and saw 13 of its levels.
You also visited: Ossuary.

You collected 768 gold pieces.
You spent 449 gold pieces at shops.

Inventory:

Hand Weapons
 o - a +3 quarterstaff of chaos (weapon)
Armour
 f - a +0 cloak (worn)
 n - a +2 robe of fire resistance
 F - a +3 leather armour of magic resistance (worn)
 G - a +0 pair of gloves
 K - a +0 troll leather armour
 N - a +0 pair of gloves (worn)
 O - a +1 helmet of intelligence (worn)
Jewellery
 g - a +3 ring of strength (left hand)
 s - a +6 amulet of reflection (around neck)
 w - a +4 ring of dexterity (right hand)
 y - an uncursed ring of flight
 C - an uncursed amulet of magic regeneration
 S - an uncursed ring of ice
Wands
 q - a wand of flame (28)
 E - a wand of paralysis (14)
 H - a wand of scattershot (7)
 I - a wand of disintegration (5)
Scrolls
 d - 4 scrolls of identify
 e - 4 scrolls of teleportation
 k - 4 scrolls of magic mapping
 l - 2 scrolls of enchant weapon
 r - a scroll of fear
 v - 6 scrolls of remove curse
 x - a scroll of amnesia
 D - 4 scrolls of fog
 R - 2 scrolls of holy word
Potions
 a - 7 potions of heal wounds
 h - 3 potions of mutation
 j - 4 potions of flight
 p - 2 potions of brilliance
 t - a potion of lignification
 u - a potion of magic {unknown}
 z - a potion of haste
 B - 2 potions of agility
 L - 3 potions of curing
Books
 b - a book of Conjurations

   Spells                             Type                      Level
   a - Magic Dart                     Conjuration                  1
   b - Searing Ray                    Conjuration                  2
   c - Dazzling Spray                 Conjuration/Hexes            3
   d - Fulminant Prism                Conjuration/Hexes            4
   e - Force Lance                    Conjuration/Translocation    4
   f - Iskenderun's Mystic Blast      Conjuration                  4
 m - a book of Minor Magic

   Spells                             Type                      Level
   a - Magic Dart                     Conjuration                  1
   b - Blink                          Translocation                2
   c - Call Imp                       Summoning                    2
   d - Slow                           Hexes                        2
   e - Conjure Flame                  Conjuration/Fire             3
   f - Mephitic Cloud                 Conjuration/Poison/Air       3
 T - a book of Changes

   Spells                             Type                      Level
   a - Beastly Appendage              Transmutation                1
   b - Sticks to Snakes               Transmutation                2
   c - Spider Form                    Transmutation/Poison         3
   d - Ice Form                       Ice/Transmutation            4
   e - Blade Hands                    Transmutation                5
Comestibles
 c - 18 rations


   Skills:
 - Level 2.4 Dodging
 - Level 2.4 Stealth
 + Level 16.7 Spellcasting
 + Level 10.1 Conjurations
 - Level 6.0 Hexes
 * Level 10.8 Fire Magic
 - Level 5.0 Evocations


You had 25 spell levels left.
You knew the following spells:

 Your Spells              Type           Power        Failure   Level  Hunger
a - Magic Dart            Conj           ####         1%          1    None
b - Searing Ray           Conj           ######       1%          2    None
c - Iskenderun's Mystic   Conj           ######..     1%          4    None
d - Fulminant Prism       Conj/Hex       ######....   1%          4    None
e - Conjure Flame         Conj/Fire      ######..     1%          3    None
f - Blink                 Tloc           N/A          3%          2    None
g - Mephitic Cloud        Conj/Pois/Air  #####...     1%          3    None


Dungeon Overview and Level Annotations

Branches:
Dungeon (10/15)            Temple (1/1) D:4            Lair (2/6) D:10
  Swamp: Lair:2-4    Shoals: Lair:2-4     Snake: Lair:2-4    Spider: Lair:2-4
    Orc: D:9-12

Altars:
Ashenzari
Elyvilon
Fedhas
Gozag
Hepliaklqana
Makhleb
Ru
Uskayaw
Vehumet
Wu Jian
Xom

Shops:
D:7 [   D:8 [   D:10 :

Annotations:
D:8 1 runed door


Innate Abilities, Weirdness & Mutations

You are agile. (Dex +2)
Your muscles are strong. (Str +2)


Message History

The five-headed hydra bites you but does no damage.
The five-headed hydra barely misses you.
The five-headed hydra bites you but does no damage.
You block the hippogriff's attack.
The hippogriff pecks you but does no damage.
The hippogriff claws you but does no damage.
Casting: Iskenderun's Mystic Blast
Confirm with . or Enter, or press ? or * to list all spells.
Aiming: Iskenderun's Mystic Blast
Press: ? - help, Shift-Dir - straight line, f/p - five-headed hydra
Aim: a five-headed hydra (almost dead)
The orb of energy hits the five-headed hydra.
The five-headed hydra is almost dead.
The orb of energy explodes!
The five-headed hydra bites you.
* * * LOW HITPOINT WARNING * * *
The five-headed hydra barely misses you.
The five-headed hydra misses you. The five-headed hydra bites you.
* * * LOW HITPOINT WARNING * * *
The five-headed hydra bites you!
You die...

#. #.. #...
### #....
##.###...8..
##.8..#......
#............
#8.@H.'.8.>.8
#.D...#.l..?.
#..8.## .....
###### .8..
.). tt .


You could see a five-headed hydra, a hippogriff and a basilisk.

Vanquished Creatures
  Erolcha (D:10)
  A hydra (Lair:2)
  4 two-headed ogres
  The ghost of Totori the Slasher, a novice DrGl of Makhleb (D:6)
  A wolf spider (Lair:1)
  A black mamba (Lair:1)
  A gargoyle (D:9)
  2 spiny frogs (Lair:1)
  3 komodo dragons
  A troll (D:9)
  5 hippogriffs
  4 blink frogs (Lair:1)
  Sigmund (D:2)
  A wyvern (D:10)
  4 yaks (Lair:1)
  Eustachio (D:5)
  2 basilisks (Lair:1)
  The ghost of CollectiveS the Grave Robber, an amateur DrNe (D:4)
  Menkaure (D:5)
  Edmund (D:4)
  4 water moccasins
  3 hell hounds (D:10)
  A porcupine (Lair:1)
  5 ice beasts
  2 orc warriors (D:10)
  A black bear (D:9)
  A phantom (D:9)
  A sky beast (D:6)
  3 wolves (Lair:1)
  2 ogres
  A necrophage (D:9)
  A crocodile (Lair:1)
  4 centaurs
  A big kobold (D:8)
  Blork the orc (D:5)
  3 bullfrogs
  2 elf zombies (Ossuary)
  2 gnoll sergeants
  15 killer bees
  2 electric eels (Lair:1)
  7 wights (D:9)
  4 howler monkeys
  4 crimson imps
  4 hounds
  2 quasits (D:9)
  A human zombie (Ossuary)
  4 jellies
  3 centaur zombies
  A centaur skeleton (D:5)
  6 orc priests
  11 orc wizards
  4 iguanas
  Crazy Yiuf (D:5)
  Jessica (D:3)
  A bullfrog skeleton (D:5)
  7 hell rats (Lair:1)
  3 worker ants
  A hound zombie (D:6)
  A mummy (Ossuary)
  A howler monkey zombie (D:10)
  7 gnolls
  24 adders
  4 shadow imps
  3 oozes
  2 adder zombies (Ossuary)
  3 worms
  A dart slug (D:2)
  2 leopard geckos (D:3)
  38 orcs
  5 ball pythons
  4 giant cockroaches
  7 goblins
  8 hobgoblins
  9 jackals
  8 kobolds
  3 quokkas
  8 bats
  6 frilled lizards
  2 goblin zombies (Ossuary)
  6 hobgoblin zombies (Ossuary)
  2 jackal zombies (Ossuary)
  10 kobold zombies (Ossuary)
  10 orc zombies (Ossuary)
  2 quokka zombies
  8 rats
  A rat zombie (Ossuary)
  12 plants (D:10)
354 creatures vanquished.

Vanquished Creatures (others)
  A kobold (D:3)
  29 fulminant prisms
  14 fungi (Lair:1)
  16 plants
60 creatures vanquished.

Grand Total: 414 creatures vanquished

Notes
Turn   | Place    | Note
-------+----------+-------------------------------------------
     0 | D:1      | Mirai the Deep Elf Conjurer began the quest for the Orb.
     0 | D:1      | Reached XP level 1. HP: 10/10 MP: 6/6
   304 | D:1      | Reached skill level 4 in Spellcasting
   304 | D:1      | Reached XP level 2. HP: 15/15 MP: 3/9
   309 | D:1      | Learned a level 2 spell: Searing Ray
   962 | D:2      | Reached XP level 3. HP: 19/19 MP: 8/11
  1009 | D:2      | Reached skill level 5 in Spellcasting
  1228 | D:2      | Noticed Sigmund
  1235 | D:2      | Killed Sigmund
  1235 | D:2      | Reached skill level 7 in Spellcasting
  1235 | D:2      | Reached XP level 4. HP: 13/24 MP: 4/15
  1235 | D:2      | Reached XP level 5. HP: 15/28 MP: 4/17
  1547 | D:3      | Reached skill level 8 in Spellcasting
  1555 | D:3      | Learned a level 4 spell: Iskenderun's Mystic Blast
  1560 | D:3      | Learned a level 4 spell: Fulminant Prism
  1564 | D:3      | Found a faded altar of an unknown god.
  1609 | D:3      | Reached XP level 6. HP: 32/32 MP: 10/19
  1997 | D:3      | Reached skill level 9 in Spellcasting
  2227 | D:3      | Noticed Jessica
  2307 | D:3      | Killed Jessica
  2878 | D:4      | Noticed CollectiveS's ghost (amateur DrNe)
  2878 | D:4      | Found a staircase to the Ecumenical Temple.
  2883 | D:4      | Noticed Edmund
  2886 | D:4      | Killed CollectiveS's ghost
  2886 | D:4      | Reached skill level 10 in Spellcasting
  2886 | D:4      | Reached XP level 7. HP: 36/36 MP: 4/22
  2897 | D:4      | Killed Edmund
  2916 | Temple   | Entered the Ecumenical Temple
  2954 | Temple   | Became a worshipper of Vehumet
  2996 | D:4      | Reached skill level 11 in Spellcasting
  3048 | D:4      | Found a sand-covered staircase.
  3057 | Ossuary  | Entered an ossuary
  3433 | Ossuary  | Reached * piety under Vehumet
  3433 | Ossuary  | Offered knowledge of Sandblast by Vehumet.
  4020 | D:4      | Reached skill level 12 in Spellcasting
  4024 | D:4      | Reached XP level 8. HP: 31/41 MP: 15/26
  4448 | D:5      | Entered Level 5 of the Dungeon
  4461 | D:5      | Noticed Blork the orc
  4470 | D:5      | Killed Blork the orc
  4649 | D:5      | Offered knowledge of Throw Frost by Vehumet.
  4660 | D:5      | Reached ** piety under Vehumet
  4803 | D:5      | Reached skill level 13 in Spellcasting
  4868 | D:5      | Noticed Eustachio
  5181 | D:5      | Killed Eustachio
  5226 | D:5      | Found a runed door.
  5230 | D:5      | Noticed Crazy Yiuf
  5236 | D:5      | Killed Crazy Yiuf
  5292 | D:5      | Noticed Menkaure
  5301 | D:5      | Killed Menkaure
  5306 | D:5      | Reached skill level 14 in Spellcasting
  5554 | D:6      | Reached skill level 1 in Hexes
  5554 | D:6      | Reached skill level 1 in Evocations
  5576 | D:6      | You fall through a shaft for 3 floors!
  5752 | D:9      | Noticed a troll
  5767 | D:9      | Killed a troll
  5767 | D:9      | Reached skill level 5 in Conjurations
  5767 | D:9      | Reached XP level 9. HP: 30/45 MP: 19/29
  5885 | D:8      | Noticed a two-headed ogre
  5894 | D:8      | Killed a two-headed ogre
  6198 | D:8      | Reached skill level 5 in Hexes
  6198 | D:8      | Offered knowledge of Conjure Flame by Vehumet.
  6207 | D:8      | Learned a level 3 spell: Conjure Flame
  6274 | D:6      | Reached skill level 1 in Fire Magic
  6570 | D:6      | Noticed Totori's ghost (novice DrGl)
  6581 | D:6      | Killed Totori's ghost
  6581 | D:6      | Reached XP level 10. HP: 21/50 MP: 8/30
  7061 | D:7      | Noticed a dagger
  7061 | D:7      | Noticed a dagger
  7085 | D:7      | Found a hide-covered altar of Uskayaw.
  7101 | D:7      | Reached *** piety under Vehumet
  7161 | D:7      | Found Reakepil's Armour Shop.
  7170 | D:7      | Bought a +0 helmet of intelligence for 149 gold pieces
  7456 | D:7      | Reached skill level 15 in Spellcasting
  7465 | D:7      | Reached skill level 5 in Evocations
  7466 | D:7      | Offered knowledge of Static Discharge by Vehumet.
  8154 | D:8      | Noticed a two-headed ogre
  8164 | D:8      | Killed a two-headed ogre
  8164 | D:8      | Reached **** piety under Vehumet
  8164 | D:8      | Reached skill level 5 in Fire Magic
  8336 | D:8      | Found Manymaum's Armour Emporium.
  8654 | D:8      | Found a runed door.
  8654 | D:8      | Noticed a great orb of eyes
  8654 | D:8      | Noticed a centaur warrior
  8663 | D:8      | Noticed a catoblepas
  8663 | D:8      | Noticed a five-headed hydra
  8663 | D:8      | Noticed a centaur warrior
  8663 | D:8      | Noticed a deep elf knight
  9238 | D:9      | Offered knowledge of Sticky Flame by Vehumet.
  9854 | D:9      | Gained mutation: Your muscles are strong. (Str +2) [potion of mutation]
  9854 | D:9      | Gained mutation: You are agile. (Dex +2) [potion of mutation]
 10310 | D:10     | Entered Level 10 of the Dungeon
 10310 | D:10     | Noticed a gargoyle
 10313 | D:10     | Noticed a two-headed ogre
 10318 | D:10     | Killed a two-headed ogre
 10325 | D:9      | Killed a gargoyle
 10325 | D:9      | Reached XP level 11. HP: 39/54 MP: 5/32
 10530 | D:10     | Found a staircase to the Lair.
 10530 | D:10     | Noticed Erolcha
 10555 | D:10     | Killed Erolcha
 10761 | D:10     | Noticed a two-headed ogre
 10765 | D:10     | Killed a two-headed ogre
 10765 | D:10     | Reached ***** piety under Vehumet
 10863 | D:10     | Found Qugeapsy's Book Emporium.
 10882 | D:10     | Bought a book of Minor Magic for 300 gold pieces
 10887 | D:10     | Learned a level 2 spell: Blink
 10895 | D:10     | Learned a level 3 spell: Mephitic Cloud
 10906 | D:10     | Offered knowledge of Yara's Violent Unravelling by Vehumet.
 11203 | D:10     | Reached skill level 16 in Spellcasting
 11793 | Lair:1   | Entered Level 1 of the Lair of Beasts
 12548 | Lair:1   | Reached skill level 10 in Fire Magic
 12672 | Lair:1   | Noticed a wolf spider
 12686 | Lair:1   | Killed a wolf spider
 13085 | Lair:1   | Reached XP level 12. HP: 59/59 MP: 3/34
 13598 | Lair:2   | Noticed a seven-headed hydra
 13601 | Lair:2   | Reached skill level 10 in Conjurations
 13605 | Lair:2   | Killed a seven-headed hydra
 13607 | Lair:2   | Noticed a five-headed hydra
 13697 | Lair:2   | Slain by a five-headed hydra

Skill      XL: |  1  2  3  4  5  6  7  8  9 10 11 12 |
---------------+-------------------------------------+-----
Spellcasting   | 4 7 8 10 12 14 15 16 | 16.7
Hexes          | 2 5 6 |  6.0
Evocations     | 2 4 5 |  5.0
Conjurations   | 5 6 8 9 10 | 10.1
Fire Magic     | 2 7 10 | 10.8
Dodging        | |  2.4
Stealth        | |  2.4

Action                   |  1- 3 |  4- 6 |  7- 9 | 10-12 || total
-------------------------+-------+-------+-------+-------++-------
Melee: Unarmed           |     1 |       |       |       ||     1
       Hand axe          |       |    12 |    12 |       ||    24
       Quarterstaff      |       |       |     1 |    26 ||    27
 Cast: Magic Dart        |    47 |    56 |    70 |    27 ||   200
       Searing Ray       |     7 |    21 |    66 |    44 ||   138
       Iskenderun's Myst |       |     3 |    37 |   201 ||   241
       Fulminant Prism   |       |       |     5 |    24 ||    29
       Blink             |       |       |       |    14 ||    14
       Mephitic Cloud    |       |       |       |     7 ||     7
       Conjure Flame     |       |       |       |     1 ||     1
  Use: Scroll            |       |     5 |       |    18 ||    23
       Potion            |       |       |       |    11 ||    11
  Eat: Chunk             |     1 |     5 |     6 |    12 ||    24
       Ration            |       |       |     2 |     2 ||     4
Armor: Robe              |     2 |     1 |       |       ||     3
       Leather armour    |       |    16 |    41 |    55 ||   112
Dodge: Dodged            |    16 |    32 |    90 |    93 ||   231
Block: Other             |     2 |     8 |    34 |    54 ||    98
       Reflection        |       |     1 |     3 |     3 ||     7
